 Dungeon Crawl Stone Soup version 0.24.0-2-g5b39cebb1c (webtiles) character file.

Game seed: 1113891531600143853, levelgen mode: deterministic

141 Mrkan the Ruffian (level 5, -3/50 HPs)
             Began as a Troll Monk on Oct 31, 2019.
             Killed from afar by an orc wizard (6 damage)
             ... with a magic dart
             ... on level 4 of the Dungeon.
             The game lasted 00:04:33 (2388 turns).

Mrkan the Ruffian (Troll Monk)                      Turns: 2388, Time: 00:04:34

Health: -3/50      AC:  6    Str: 19    XL:     5   Next: 3%
Magic:  4/4        EV: 10    Int:  7    God:
Gold:   78         SH:  0    Dex: 12    Spells: 4/4 levels left

rFire    . . .     SeeInvis .     - Unarmed
rCold    . . .     Gourm    +   (no shield)
rNeg     . . .     Faith    .   a - +0 robe
rPois    .         Spirit   .   (helmet restricted)
rElec    .         Reflect  .   (no cloak)
rCorr    .         Harm     .   (gloves unavailable)
MR       .....                  (boots unavailable)
Stlth    ++........             (no amulet)
HPRegen  0.56/turn              (no ring)
MPRegen  0.09/turn              (no ring)

@: flying, slowed, very slow
A: large, unfitting armour, claws 3, fast metabolism 3, gourmand, regeneration
1, shaggy fur 1, tough skin 3
a: no special abilities


You were on level 4 of the Dungeon.
You were very full.

You visited 1 branch of the dungeon, and saw 4 of its levels.

You collected 78 gold pieces.

Inventory:

Armour
 a - a +0 robe (worn)
Jewellery
 d - a +3 ring of protection {unknown}
 m - a +3 amulet of reflection {unknown}
Wands
 n - a wand of acid (4)
Scrolls
 c - 6 scrolls of identify {unknown}
 e - 2 scrolls of immolation {unknown}
 g - a scroll of blinking {unknown}
 h - 4 scrolls of magic mapping {unknown}
 i - 4 scrolls of teleportation {unknown}
 k - 4 scrolls of remove curse {unknown}
Potions
 j - a potion of resistance {unknown}
 l - a potion of flight
 o - a potion of degeneration {unknown}
 p - a potion of haste {unknown}
 q - a potion of cancellation {unknown}
Comestibles
 b - 5 rations


   Skills:
 - Level 2.4 Fighting
 - Level 2.4 Dodging
 - Level 1.0 Stealth
 * Level 5.8 Unarmed Combat


You had 4 spell levels left.
You didn't know any spells.
Your spell library was empty.

Dungeon Overview and Level Annotations

Branches:
Dungeon (4/15)
 Temple: D:4-7

Altars:
The Shining One


Innate Abilities, Weirdness & Mutations

You are too large for most types of armour.
You have claws for hands.
Your metabolism is lightning-fast.
You like to eat raw meat.
Your natural rate of healing is unusually fast.
You are covered in fur. (AC +1)
You have extremely tough skin. (AC +3)


Message History

The orc priest casts a cantrip, but nothing happens.
The orc wizard hits you but does no damage.
The orc priest hits you but does no damage.
The orc wizard points at you and mumbles some strange words.
You resist with some effort.
You scratch the orc priest.
The orc priest is moderately wounded.
The orc wizard points at you and mumbles some strange words.
The magic dart hits you but does no damage.
The orc priest mumbles some strange prayers to Beogh against you.
Beogh smites you!
* * * LOW HITPOINT WARNING * * *
The orc wizard misses you.
The orc priest begins to cast a cantrip, but forgets the words!
It was a potion of flight.
You feel very buoyant.
You fly up into the air.
The orc wizard points at you and mumbles some strange words.
The magic dart hits you.
You die...

..# #.#
##...##
###.#[#.###
.........
#.#.#.#
#.S.# ##o##
##.#####@#
...$.!.o.#
##.#######


You could see an orc priest, an orc wizard and an adder.

Vanquished Creatures
  An orc priest (D:3)
  An orc wizard (D:4)
  An adder (D:2)
  A worm (D:2)
  A dart slug (D:2)
  3 leopard geckos
  5 orcs
  3 ball pythons
  4 bats
  2 giant cockroaches
  9 hobgoblins
  10 jackals (D:1)
  2 frilled lizards (D:2)
  5 goblins
  6 kobolds
  6 rats
60 creatures vanquished.

Notes
Turn   | Place    | Note
-------+----------+-------------------------------------------
     0 | D:1      | Mrkan the Troll Monk began the quest for the Orb.
     0 | D:1      | Reached XP level 1. HP: 22/22 MP: 0/0
     2 | D:1      | Noticed a human
     4 | D:1      | Noticed a tengu
     4 | D:1      | Noticed a centaur
     6 | D:1      | Noticed a minotaur
     8 | D:1      | Noticed a dwarf
    10 | D:1      | Noticed a halfling
    12 | D:1      | Noticed a demigod
    12 | D:1      | Noticed a gargoyle
    14 | D:1      | Noticed a felid
    14 | D:1      | Noticed a spriggan
    16 | D:1      | Noticed a naga
    16 | D:1      | Noticed a vine stalker
    18 | D:1      | Noticed an elf
    18 | D:1      | Noticed an octopode
    20 | D:1      | Noticed a formicid
    20 | D:1      | Noticed a ghoul
    22 | D:1      | Noticed a demonspawn
    22 | D:1      | Noticed a vampire
    24 | D:1      | Noticed a troll
    24 | D:1      | Noticed an ogre
    26 | D:1      | Noticed a merfolk
    26 | D:1      | Noticed a draconian
   171 | D:1      | Reached XP level 2. HP: 29/29 MP: 1/1
   468 | D:1      | Reached skill level 4 in Unarmed Combat
   972 | D:1      | Reached XP level 3. HP: 36/36 MP: 2/2
  1829 | D:3      | Found a glowing golden altar of the Shining One.
  1888 | D:3      | Reached XP level 4. HP: 39/44 MP: 3/3
  1914 | D:3      | Reached skill level 5 in Unarmed Combat
  2385 | D:4      | Reached XP level 5. HP: 17/50 MP: 4/4
  2387 | D:4      | HP: 2/50 [orc priest/divine providence (17)]
  2388 | D:4      | Killed from afar by an orc wizard

Levels and vault maps discovered:
D:1:      kb_arrival_jail, layout_basic
D:2:      layout_basic
D:3:      layout_basic, nicolae_overflow_crystal_walls
D:4:      layout_loops_ring, kennysheep_ying_yang, lemuel_round_altar,
          uniq_blork_the_orc, uniq_edmund, uniq_duvessa

Skill      XL: |  1  2  3  4 |
---------------+-------------+-----
Unarmed Combat | 4 5 |  5.8
Fighting       | |  2.4
Dodging        | |  2.4
Stealth        | |  1.0

Action                   |  1- 3 |  4- 6 || total
-------------------------+-------+-------++-------
Melee: Unarmed           |   106 |    45 ||   151
       Punch             |     1 |       ||     1
  Use: Potion            |       |     1 ||     1
 Stab: Sleeping          |     4 |       ||     4
  Eat: Chunk             |    23 |     3 ||    26
Armor: Robe              |    46 |    18 ||    64
Dodge: Dodged            |    57 |    21 ||    78
